 Dungeon Crawl Stone Soup version 0.23.2-30-g0e89c35649 (webtiles) character file.

Game seed: 7238884114263837841

84 troglodite the Charmwright (level 4, -5/29 HPs)
             Began as an Octopode Skald on June 13, 2019.
             Slain by Terence
             ... wielding a +0 trident
              (12 damage)
             ... on level 2 of the Dungeon.
             The game lasted 00:02:47 (1571 turns).

troglodite the Charmwright (Octopode Skald)         Turns: 1571, Time: 00:02:48

Health: -5/29      AC:  1    Str: 10    XL:     4   Next: 45%
Magic:  5/7        EV: 14    Int: 16    God:
Gold:   59         SH:  0    Dex: 11    Spells: 3/7 levels left

rFire    . . .     SeeInvis .   a - +0 spear
rCold    . . .     Gourm    .   (no shield)
rNeg     . . .     Faith    .   (helmet restricted)
rPois    .         Spirit   .   (no amulet)
rElec    .         Reflect  .   (no ring)
rCorr    .         Harm     .   (no ring)
MR       .....                  (no ring)
Stlth    +++.......             (no ring)
HPRegen  0.09/turn              (no ring)
MPRegen  0.10/turn              (no ring)
                                (no ring)
                                (no ring)

@: no status effects
A: almost no armour, stealthy swim, amphibious, 8 rings, constrict 8, camouflage
1, gelatinous body 1
a: no special abilities


You were on level 2 of the Dungeon.
You were hungry.

You visited 1 branch of the dungeon, and saw 2 of its levels.

You collected 59 gold pieces.

Inventory:

Hand Weapons
 a - a +0 spear (weapon)
Wands
 i - a wand of random effects (12)
Scrolls
 e - 3 scrolls of identify {unknown}
 h - a scroll of fear {unknown}
Potions
 b - a potion of curing {unknown}
 d - a potion of mutation {unknown}
 g - a potion of degeneration {unknown}
Comestibles
 c - 3 rations
 f - 8 chunks of flesh


   Skills:
 + Level 2.2 Fighting
 + Level 2.3 Polearms
 * Level 3.0 Dodging
 + Level 1.6 Stealth
 * Level 2.2 Spellcasting
 + Level 0.3 Hexes
 * Level 3.8 Charms


You had 3 spell levels left.
You knew the following spells:

 Your Spells              Type           Power        Failure   Level  Hunger
a - Infusion              Chrm           ##..         4%          1    #......
b - Spectral Weapon       Hex/Chrm       #.......     26%         3    ###....

Your spell library contained the following spells:

 Spells                   Type           Power        Failure   Level  Hunger
 Song of Slaying          Chrm           ##......     6%          2    ###....
 Shroud of Golubria       Chrm/Tloc      #.........   14%         2    ###....
 Regeneration             Chrm/Necr      #.........   26%         3    ###....


Dungeon Overview and Level Annotations

Branches:
Dungeon (2/15)

Altars:

Annotations:
D:2 Terence


Innate Abilities, Weirdness & Mutations

You cannot wear most types of armour.
You are very stealthy in the water. (Stealth+)
You are amphibious.
You can wear up to eight rings at the same time.
You can use your tentacles to constrict eight enemies at once.
Your skin changes colour to match your surroundings (Stealth+).
Your rubbery body absorbs attacks. (AC +1, EV +1)


Message History

Aim: Terence, wielding a +0 trident and wearing a +0 scale mail You could not reach far enough!
Terence hits you from afar with a +0 trident.
Attack whom?
Press: ? - help, Dir - move target cursor, f/p - Terence
Aim: Terence, wielding a +0 trident and wearing a +0 scale mail You could not reach far enough!
Attack whom?
Press: ? - help, Dir - move target cursor, f/p - Terence
Aim: Terence, wielding a +0 trident and wearing a +0 scale mail You could not reach far enough!
Terence hits you from afar with a +0 trident.
* * * LOW HITPOINT WARNING * * *
Attack whom?
Press: ? - help, Dir - move target cursor, f/p - Terence
Aim: Terence, wielding a +0 trident and wearing a +0 scale mail You reach to attack!
You hit Terence but do no damage.
Your spectral weapon fades away.
Terence hits you from afar with a +0 trident!
You die...

############## ####
.(...÷.÷.....#### #..
.#####.##.>.....# #.#
.#####.##.##.##.###.####
.##.......##.##........#
.##.##.#####.######.##.#
.......#####.##.@.@....##.#
###÷##.......##.###.......#
#.###########. #.%...####
#.# #. #..#.## ###.######
.. #.##.# #........# .. ..
.# #....###.# ..###. ##
#....# #.# .. #. #....###.#
#.


You could see Terence.

Vanquished Creatures
  Natasha (D:2)
  A worm (D:2)
  5 dart slugs
  3 leopard geckos
  6 bats
  2 giant cockroaches
  7 goblins
  5 hobgoblins
  2 quokkas (D:2)
  3 frilled lizards (D:1)
  3 kobolds
  A rat (D:2)
39 creatures vanquished.

Notes
Turn   | Place    | Note
-------+----------+-------------------------------------------
     0 | D:1      | troglodite the Octopode Skald began the quest for the Orb.
     0 | D:1      | Reached XP level 1. HP: 14/14 MP: 3/3
   173 | D:1      | Reached XP level 2. HP: 19/19 MP: 5/5
   548 | D:1      | Reached XP level 3. HP: 24/24 MP: 6/6
   553 | D:1      | Learned a level 3 spell: Spectral Weapon
   759 | D:2      | Noticed Natasha
   765 | D:2      | Killed Natasha
   765 | D:2      | Reached skill level 1 in Stealth
  1055 | D:2      | Reached XP level 4. HP: 22/29 MP: 3/7
  1549 | D:2      | Noticed Terence
  1571 | D:2      | Slain by Terence

Skill      XL: |  1  2  3  4 |
---------------+-------------+-----
Stealth        | 1 |  1.6
Dodging        | 3 |  3.0
Fighting       | |  2.2
Polearms       | |  2.3
Spellcasting   | |  2.2
Hexes          | |  0.3
Charms         | |  3.8

Action                   |  1- 3 |  4- 6 || total
-------------------------+-------+-------++-------
Melee: Spear             |    54 |    50 ||   104
       Constrict         |    10 |    10 ||    20
       Tentacles         |     3 |     1 ||     4
 Cast: Spectral Weapon   |     2 |     2 ||     4
 Stab: Sleeping          |     7 |     5 ||    12
  Eat: Chunk             |       |     2 ||     2
Armor: Skin              |     3 |     4 ||     7
Dodge: Dodged            |    16 |    28 ||    44
